[Event "World Senior chT-50 2019"]
[Site "Rhodes"]
[Date "2019.04.19"]
[Round "4.33"]
[White "Lagerborg, Krister"]
[Black "Grant, Jonathan I M"]
[Result "1/2-1/2"]
[ECO "B12"]
[WhiteElo "2102"]
[BlackElo "2226"]
[PlyCount "109"]
[EventDate "2019.04.16"]
[EventType "team-tourn"]
[EventCountry "GRE"]
[TimeControl "40/5400+30:1800+30"]

1. e4 c6 2. d4 d5 3. e5 Bf5 4. Nf3 e6 5. Be2 Nd7 6. Be3 h6 7. Nbd2 Ne7 8. Nf1 a6 9. Ng3 Bg4 10. O-O Nf5 11. Nxf5 Bxf5 12. h3 h5 13. c3 Be7 14. Qd2 Qc7 15. Ne1 c5 16. Bd3 Bxd3 17. Nxd3 c4 18. Ne1 O-O-O 19. f4 g6 20. Nf3 Nb8 21. Qe2 Nc6 22. Nd2 Kb8 23. Rfb1 Na5 24. Rc1 Rc8 25. Qd1 Qd7 26. b4 Nc6 27. Rcb1 Na7 28. a4 b6 29. Qc2 Rc7 30. Nf3 Rcc8 31. g3 Rcf8 32. Kg2 Nc8 33. Rh1 Kb7 34. g4 Rfg8 35. a5 b5 36. Raf1 Qe8 37. Qd1 Na7 38. Kf2 Nc6 39. Bd2 Bd8 40. Ke2 Rg7 41. Qe1 Rgh7 42. Rhg1 hxg4 43. hxg4 Rh3 44. Rh1 Qg8 45. Rxh3 Rxh3 46. Rh1 Qh7 47. Rxh3 Qh6 48. Rh4 Qxh4 49. Qg1 Qh3 50. Be1 Kc8 51. Qg3 Kd7 52. Qh2 Qxh2+ 53. Nxh2 Be7 54. Nf1 Bf8 55. Ne3 1/2-1/2

[Event "World Senior chT-50 2019"]
[Site "Rhodes"]
[Date "2019.04.19"]
[Round "4.34"]
[White "Farrell, Neil"]
[Black "Gamback, Bjorn"]
[Result "1/2-1/2"]
[ECO "E00"]
[WhiteElo "2132"]
[BlackElo "2101"]
[PlyCount "112"]
[EventDate "2019.04.16"]
[EventType "team-tourn"]
[EventCountry "GRE"]
[TimeControl "40/5400+30:1800+30"]

1. d4 Nf6 2. c4 e6 3. g3 Bb4+ 4. Bd2 a5 5. Bg2 O-O 6. e4 d6 7. Ne2 Nbd7 8. O-O e5 9. d5 Bxd2 10. Qxd2 Nc5 11. Nbc3 a4 12. Qc2 Bg4 13. b4 axb3 14. axb3 Bxe2 15. Nxe2 Qe7 16. b4 Ncd7 17. Nc3 Nb6 18. Qb3 Rfb8 19. Rfc1 Nbd7 20. Nb5 Ne8 21. Qc3 Qd8 22. c5 Rxa1 23. Rxa1 Ra8 24. Rc1 Ndf6 25. c6 b6 26. Ra1 Qc8 27. Rxa8 Qxa8 28. Qa3 Qxa3 29. Nxa3 Kf8 30. f3 Ke7 31. Kf2 Ng8 32. Bh3 Nh6 33. Nb5 Kd8 34. Ke3 Ng8 35. Kd3 Ne7 36. f4 Ng6 37. Ke3 Nf6 38. f5 Nf8 39. Kf3 h5 40. Bg2 N8h7 41. h3 Kc8 42. Ke3 Kb8 43. Bf3 Ng5 44. Bg2 Ngh7 45. Nc3 Ka7 46. Nd1 Kb8 47. Bf1 Kc8 48. Be2 Ng5 49. Nf2 Kd8 50. Bc4 Ke7 51. h4 Ngh7 52. Be2 Kd8 53. Bf3 Kc8 54. Nh3 Ng4+ 55. Kd3 Kb8 56. Ke2 Ka7 1/2-1/2

[Event "World Senior chT-50 2019"]
[Site "Rhodes"]
[Date "2019.04.19"]
[Round "4.35"]
[White "Franzen, Thomas"]
[Black "Neave, George"]
[Result "1/2-1/2"]
[ECO "D00"]
[WhiteElo "2015"]
[BlackElo "2101"]
[PlyCount "91"]
[EventDate "2019.04.16"]
[EventType "team-tourn"]
[EventCountry "GRE"]
[TimeControl "40/5400+30:1800+30"]

1. d4 Nf6 2. Nc3 d5 3. Bf4 g6 4. e3 Bg7 5. h4 h5 6. Nf3 O-O 7. Ne5 c5 8. f3 cxd4 9. exd4 Nc6 10. Qd2 Bf5 11. O-O-O Rc8 12. Kb1 Qa5 13. a3 a6 14. Be2 b5 15. g4 hxg4 16. fxg4 Ne4 17. Nxe4 Bxe4 18. Nxc6 Qxd2 19. Nxe7+ Kh7 20. Rxd2 Bxh1 21. Nxc8 Rxc8 22. c3 Re8 23. h5 Re4 24. hxg6+ fxg6 25. Bg5 Re6 26. Kc2 Bh6 27. Bxh6 Kxh6 28. Bd1 Kg5 29. Rf2 Be4+ 30. Kb3 Kh4 31. Kb4 Kg3 32. Rf8 g5 33. Rg8 Kh4 34. a4 Bd3 35. axb5 axb5 36. Rh8+ Kg3 37. Rh5 Kf4 38. Rh8 Kg3 39. Rf8 Kh4 40. Rf3 Be2 41. Bxe2 Rxe2 42. Kc5 Rxb2 43. Kxd5 Kxg4 44. Rd3 Kf4 45. Kc6 Ke4 46. Rg3 1/2-1/2

[Event "World Senior chT-50 2019"]
[Site "Rhodes"]
[Date "2019.04.19"]
[Round "4.36"]
[White "Smith, Peter R"]
[Black "Johansson, Bjorn"]
[Result "0-1"]
[ECO "A41"]
[WhiteElo "2038"]
[BlackElo "1888"]
[PlyCount "64"]
[EventDate "2019.04.16"]
[EventType "team-tourn"]
[EventCountry "GRE"]
[TimeControl "40/5400+30:1800+30"]

1. Nf3 g6 2. c4 Bg7 3. Nc3 d6 4. d4 Nd7 5. Bg5 h6 6. Bh4 c6 7. e3 g5 8. Bg3 e5 9. dxe5 dxe5 10. Qc2 Ne7 11. O-O-O Qc7 12. Be2 O-O 13. h4 g4 14. Nd4 Nc5 15. e4 f5 16. exf5 Nxf5 17. Nxf5 Bxf5 18. Qd2 Qa5 19. Qe3 Rad8 20. Nd5 cxd5 21. Qa3 Qxa3 22. bxa3 d4 23. Rd2 h5 24. Rb2 e4 25. Rb5 b6 26. Bd1 Bd7 27. Rb1 Bh6+ 28. Kb2 Bf5 29. Bc2 d3 30. Bb3 Bg7+ 31. Kc1 e3 32. Kd1 e2+ 0-1

[Event "World Senior chT-50 2019"]
[Site "Rhodes"]
[Date "2019.04.19"]
[Round "4.37"]
[White "Wallace, John Paul"]
[Black "Priedite, Ingrida"]
[Result "0-1"]
[ECO "B75"]
[WhiteElo "2350"]
[BlackElo "2044"]
[PlyCount "107"]
[EventDate "2019.04.16"]
[EventType "team-tourn"]
[EventCountry "GRE"]
[TimeControl "40/5400+30:1800+30"]

1. e4 c5 2. Nc3 Nc6 3. Nf3 g6 4. d4 cxd4 5. Nxd4 Bg7 6. Be3 d6 7. Qd2 Nf6 8. f3 a6 9. O-O-O Bd7 10. g4 h6 11. h4 b5 12. Be2 Ne5 13. Kb1 Nc4 14. Bxc4 bxc4 15. Ka1 $16 Rb8 16. Nb1 Qb6 17. Qc3 Qb7 18. Bc1 Bb5 19. h5 g5 20. Nf5 Kf8 21. Rh2 Bd7 22. Nxg7 Kxg7 23. e5 dxe5 24. Qxe5 Be6 25. f4 Qb5 26. Qc3 Qb4 27. fxg5 Qxc3 28. gxh6+ Kf8 29. Nxc3 Nxg4 30. Bf4 Re8 31. Rg2 Nxh6 32. Ne4 f6 33. Nc5 Kf7 34. Nxe6 Kxe6 35. b3 Nf5 36. Rh2 Kf7 37. Rf1 c3 38. Be5 Ne3 39. Rf3 Ng4 40. Re2 Nxe5 41. Rxe5 Rd8 42. Re1 Rxh5 43. Rxc3 e5 44. Rc6 Re8 45. b4 f5 46. a4 f4 47. Rf1 Rf5 48. Rc5 f3 49. b5 axb5 50. axb5 Rf6 51. Rc7+ Kg6 52. b6 Rxb6 53. Rg1+ Kf6 54. Ra7 0-1

[Event "World Senior chT-50 2019"]
[Site "Rhodes"]
[Date "2019.04.19"]
[Round "4.38"]
[White "Goldmane, Astra"]
[Black "MacElligott, Gerard"]
[Result "0-1"]
[ECO "B22"]
[WhiteElo "2020"]
[BlackElo "2025"]
[PlyCount "56"]
[EventDate "2019.04.16"]
[EventType "team-tourn"]
[EventCountry "GRE"]
[TimeControl "40/5400+30:1800+30"]

1. e4 c5 2. c3 d5 3. exd5 Nf6 4. Bb5+ Nbd7 5. c4 a6 6. Bxd7+ Qxd7 7. Qe2 e6 8. dxe6 Qxe6 9. Nf3 b5 10. cxb5 axb5 11. d4 Qxe2+ 12. Kxe2 Be6 13. Nbd2 Rxa2 14. Rxa2 Bxa2 15. dxc5 Bxc5 16. Re1 O-O 17. Kf1 Bd5 18. h3 Bb4 19. Rd1 Rd8 20. Ke2 Ne4 21. Ne5 Nc5 22. Ndf3 f6 23. Rd4 Nb3 24. Rxb4 Nxc1+ 25. Kf1 fxe5 26. Nxe5 Bc4+ 27. Kg1 Nd3 28. Nxd3 Rxd3 0-1

[Event "World Senior chT-50 2019"]
[Site "Rhodes"]
[Date "2019.04.19"]
[Round "4.39"]
[White "Lyons, Brendan"]
[Black "Ungure, Liga"]
[Result "0-1"]
[ECO "A04"]
[WhiteElo "1976"]
[BlackElo "1930"]
[PlyCount "118"]
[EventDate "2019.04.16"]
[EventType "team-tourn"]
[EventCountry "GRE"]
[TimeControl "40/5400+30:1800+30"]

1. e4 c5 2. Nf3 d6 3. g3 g6 4. Bg2 Bg7 5. d3 Nc6 6. c3 Nf6 7. O-O Rb8 8. a4 a6 9. Re1 O-O 10. d4 cxd4 11. cxd4 d5 12. e5 Ne4 13. Nc3 Bf5 14. Nh4 Qd7 15. Nxf5 gxf5 16. Ne2 f6 17. f3 Ng5 18. Nf4 Nd8 19. h4 Nge6 20. Nh5 Nc6 21. Be3 fxe5 22. Nxg7 Kxg7 23. Qd2 f4 24. gxf4 exf4 25. Bf2 Nc7 26. Kh2 Kh8 27. Bh3 Qd6 28. Rg1 Rg8 29. Qd3 e6 30. h5 Rxg1 31. Rxg1 Rg8 32. Rxg8+ Kxg8 33. Bh4 Ne8 34. Qe2 Nxd4 35. Qg2+ Kf7 36. h6 Qe5 37. Qg4 Qf5 38. Qg2 Qc2 39. Bf2 Qd3 40. Bg4 Nf6 41. Qh3 Qc2 42. Kg1 Nf5 43. Qh2 Qc1+ 44. Kg2 Ne3+ 45. Kh3 Qf1+ 46. Kh4 Qg2 47. Qxf4 Qxf2+ 48. Kg5 Nexg4 49. Qc7+ Ke8 50. Qc8+ Ke7 51. Qxb7+ Nd7 52. fxg4 Qf6+ 53. Kh5 Qg6+ 54. Kh4 Qxh6+ 55. Kg3 a5 56. Qb5 Qd2 57. Qb3 Nc5 58. Qb8 Ne4+ 59. Kh4 Qh6# 0-1

[Event "World Senior chT-50 2019"]
[Site "Rhodes"]
[Date "2019.04.19"]
[Round "4.40"]
[White "Harlinska, Sandra"]
[Black "Matthews, Gabriel"]
[Result "1-0"]
[ECO "B40"]
[WhiteElo "1833"]
[BlackElo "1782"]
[PlyCount "146"]
[EventDate "2019.04.16"]
[EventType "team-tourn"]
[EventCountry "GRE"]
[TimeControl "40/5400+30:1800+30"]

1. e4 c5 2. Nf3 e6 3. g3 d5 4. exd5 exd5 5. d4 Nf6 6. Bg2 Bd6 7. O-O O-O 8. Nc3 Nc6 9. Be3 c4 10. Bg5 Be6 11. Re1 h6 12. Bxf6 Qxf6 13. Nb5 Bb8 14. c3 Rd8 15. Re3 a6 16. Na3 Bd6 17. Qe2 Rac8 18. Ne5 b5 19. f4 Rc7 20. Rf1 Bxe5 21. fxe5 Qg6 22. Bf3 b4 23. Nc2 a5 24. Bh5 Qg5 25. h4 Qe7 26. Rf4 Rf8 27. Ref3 Nd8 28. Ne3 bxc3 29. bxc3 Qe8 30. g4 Re7 31. Qg2 Rb7 32. g5 hxg5 33. Qxg5 Qe7 34. Qg3 Qa3 35. Nf5 Bxf5 36. Rxf5 Qc1+ 37. Rf1 Qh6 38. Bf3 Qe3+ 39. Kh2 Qxc3 40. Bxd5 Qxg3+ 41. Kxg3 Rb6 42. Bxc4 Rc6 43. Bd5 Rc3+ 44. Kg4 Re3 45. h5 a4 46. Kf4 Re2 47. Kf3 Rc2 48. Ke3 Rc7 49. e6 Re7 50. Kd3 Nxe6 51. Bxe6 Rxe6 52. Ra5 Rb8 53. Rxa4 Rb2 54. Ra8+ Kh7 55. Rxf7 Rh2 56. Raa7 Rg2 57. Rf5 Ree2 58. a4 Ra2 59. a5 Ra4 60. Rf4 Rg5 61. a6 Kh6 62. Rh4 Rxh5 63. Rxh5+ Kxh5 64. Rxg7 Rxa6 65. d5 Kh6 66. Rg1 Kh7 67. Kd4 Kh6 68. Ke5 Kh7 69. d6 Ra2 70. Rg4 Rd2 71. Rd4 Re2+ 72. Kd5 Re8 73. d7 Rg8 1-0

[Event "World Senior chT-50 2019"]
[Site "Rhodes"]
[Date "2019.04.20"]
[Round "5.2"]
[White "Benjamin, Joel"]
[Black "Garcia Palermo, Carlos"]
[Result "1-0"]
[ECO "C77"]
[WhiteElo "2523"]
[BlackElo "2407"]
[Annotator "ChessBase"]
[PlyCount "163"]
[EventDate "2019.04.16"]
[EventType "team-tourn"]
[EventCountry "GRE"]
[SourceTitle "playchess.com"]
[Source "ChessBase"]
[SourceQuality "1"]
[WhiteTeam "United States"]
[BlackTeam "Italy"]
[WhiteTeamCountry "USA"]
[BlackTeamCountry "ITA"]
[TimeControl "40/5400+30:1800+30"]

1. e4 e5 2. Nf3 Nc6 3. Bb5 Nf6 4. d3 d6 5. c3 Be7 6. O-O O-O 7. Nbd2 a6 8. Ba4 Nd7 9. Bc2 Nb6 10. d4 exd4 11. Nxd4 Bf6 12. Nxc6 bxc6 13. f4 a5 14. Nf3 a4 15. e5 dxe5 16. Qxd8 Rxd8 17. fxe5 Be7 18. Bg5 Re8 19. Be4 Nd5 20. c4 f5 21. Bxd5+ cxd5 22. Bxe7 Rxe7 23. cxd5 Bb7 24. Rad1 Rd8 25. d6 cxd6 26. Rxd6 Rde8 27. Nd4 Rxe5 28. Rxf5 Re3 29. h3 a3 30. bxa3 Rxa3 31. Rf2 Rea8 32. Nb5 Re3 33. Nc7 Rc8 34. Ne6 Re8 35. Nc5 Bc8 36. Rd3 Re1+ 37. Kh2 h5 38. Rd5 g6 39. Nd3 R1e7 40. Rg5 Kh7 41. Rf6 Bf5 42. Nf4 Re5 43. Nxg6 Bxg6 44. Rfxg6 Rxg5 45. Rxg5 Kh6 46. Ra5 h4 47. a4 Re1 48. Rc5 Ra1 49. Rc6+ Kg5 50. Rc5+ Kh6 51. Ra5 Kg6 52. Ra6+ Kg7 53. a5 Kh7 54. Ra8 Kg7 55. a6 Kh7 56. a7 Kg7 57. Rb8 Rxa7 58. Rb4 Ra3 59. Rxh4 Rb3 60. Ra4 Rc3 61. h4 Kh6 62. g3 Rb3 63. Kh3 Rc3 64. Kg4 Rc6 65. h5 Rc1 66. Ra6+ Kh7 67. Kh4 Rc4+ 68. g4 Rb4 69. h6 Rb1 70. Kh5 Rb5+ 71. g5 Rc5 72. Ra7+ Kh8 73. Re7 Ra5 74. Kg6 Ra8 75. Re6 Rb8 76. Kf5 Rf8+ 77. Rf6 Ra8 78. g6 Ra5+ 79. Kg4 Ra4+ 80. Kg5 Ra5+ 81. Rf5 Ra8 82. h7 1-0

[Event "World Senior chT-50 2019"]
[Site "Rhodes"]
[Date "2019.04.20"]
[Round "5.3"]
[White "Bellia, Fabrizio"]
[Black "Novikov, Igor"]
[Result "1/2-1/2"]
[ECO "B50"]
[WhiteElo "2447"]
[BlackElo "2563"]
[Annotator "ChessBase"]
[PlyCount "119"]
[EventDate "2019.04.16"]
[EventType "team-tourn"]
[EventCountry "GRE"]
[SourceTitle "playchess.com"]
[Source "ChessBase"]
[SourceQuality "1"]
[WhiteTeam "Italy"]
[BlackTeam "United States"]
[WhiteTeamCountry "ITA"]
[BlackTeamCountry "USA"]
[TimeControl "40/5400+30:1800+30"]

1. e4 c5 2. Nf3 d6 3. Bb5+ Bd7 4. Bxd7+ Nxd7 5. c4 Ngf6 6. Nc3 e6 7. O-O Be7 8. b3 O-O 9. d4 cxd4 10. Nxd4 a6 11. Bb2 Qb6 12. Qd2 Rfe8 13. Rad1 Bf8 14. Kh1 Rad8 15. Qe2 g6 16. f4 Nc5 17. Qf3 Bg7 18. g4 Ncd7 19. g5 Nh5 20. f5 Ne5 21. Qe2 Nc6 22. Nxe6 fxe6 23. f6 Rf8 24. fxg7 Rxf1+ 25. Rxf1 Qc7 26. Nd1 e5 27. Ne3 Qe7 28. Qg4 Qd7 29. Qf3 Qxg7 30. Ng4 Nf4 31. Nh6+ Kh8 32. Qd1 Rf8 33. Qxd6 Rd8 34. Qf6 Rf8 35. Qxg7+ Kxg7 36. Rd1 Nh3 37. Rd7+ Kh8 38. Nf7+ Kg8 39. Nh6+ Kh8 40. Nf7+ Kg8 41. Nxe5 Rf2 42. Bc3 Nxe5 43. Bxe5 Nxg5 44. Rg7+ Kf8 45. Rxb7 h5 46. Bg3 Rxa2 47. e5 Ne4 48. e6 Nxg3+ 49. hxg3 a5 50. Rf7+ Ke8 51. Rg7 Rb2 52. Rxg6 Rxb3 53. Kg2 Rc3 54. Rg5 Rxc4 55. Rxh5 Ke7 56. Rxa5 Kxe6 57. Kh3 Kf6 58. g4 Kg6 59. Kh4 Rc6 60. Rb5 1/2-1/2

[Event "World Senior chT-50 2019"]
[Site "Rhodes"]
[Date "2019.04.20"]
[Round "5.4"]
[White "Ehlvest, Jaan"]
[Black "Bruno, Fabio"]
[Result "1/2-1/2"]
[ECO "C01"]
[WhiteElo "2521"]
[BlackElo "2433"]
[Annotator "RC"]
[PlyCount "78"]
[EventDate "2019.04.16"]
[EventType "team-tourn"]
[EventCountry "GRE"]
[SourceTitle "playchess.com"]
[Source "ChessBase"]
[SourceQuality "1"]
[WhiteTeam "United States"]
[BlackTeam "Italy"]
[WhiteTeamCountry "USA"]
[BlackTeamCountry "ITA"]
[TimeControl "40/5400+30:1800+30"]

1. e4 e6 2. d4 d5 3. exd5 exd5 4. Nf3 Nf6 5. Bd3 Be7 6. h3 O-O 7. O-O Re8 8. Re1 Nbd7 9. Bf4 Nf8 10. Nbd2 Ne6 11. Be5 g6 12. Nf1 Ng7 13. Ne3 c6 14. c3 Be6 15. Bh2 Bf8 16. a4 Re7 17. Ne5 Nd7 18. Nf3 Ne8 19. Bg3 Bg7 20. Qb3 Ndf6 21. Bh4 Nd6 22. Ne5 Re8 23. N3g4 h5 24. Ne3 Qc8 25. Qc2 c5 26. Qe2 Qc7 27. Bg3 Nfe4 28. Bh2 cxd4 29. cxd4 Qb6 30. Red1 a5 31. f3 Nf6 32. Kh1 Rac8 33. Bb1 Nc4 34. N3xc4 dxc4 35. Be4 Red8 36. Bg1 Qb4 37. Bf2 Bd5 38. Bh4 Rd6 39. Rac1 Qb3 1/2-1/2

[Event "World Senior chT-50 2019"]
[Site "Rhodes"]
[Date "2019.04.20"]
[Round "5.5"]
[White "Speelman, Jon S"]
[Black "Ross, David"]
[Result "0-1"]
[ECO "E05"]
[WhiteElo "2509"]
[BlackElo "2312"]
[Annotator "RC"]
[PlyCount "29"]
[EventDate "2019.04.16"]
[EventType "team-tourn"]
[EventCountry "GRE"]
[SourceTitle "playchess.com"]
[Source "ChessBase"]
[SourceQuality "1"]
[WhiteTeam "England"]
[BlackTeam "Canada"]
[WhiteTeamCountry "ENG"]
[BlackTeamCountry "CAN"]
[TimeControl "40/5400+30:1800+30"]

1. Nf3 d5 2. g3 Nf6 3. Bg2 e6 4. O-O Be7 5. d4 O-O 6. c4 dxc4 7. Qc2 b5 8. a4 b4 9. Nfd2 c6 10. Nxc4 Qxd4 11. Bf4 Ba6 12. Nbd2 b3 13. Qxb3 Nd5 14. e3 Qc5 15. Rfc1 0-1

[Event "World Senior chT-50 2019"]
[Site "Rhodes"]
[Date "2019.04.20"]
[Round "5.6"]
[White "Ross, Paul"]
[Black "Emms, John M"]
[Result "1-0"]
[ECO "A47"]
[WhiteElo "2237"]
[BlackElo "2474"]
[Annotator "ChessBase"]
[PlyCount "143"]
[EventDate "2019.04.16"]
[EventType "team-tourn"]
[EventCountry "GRE"]
[SourceTitle "playchess.com"]
[Source "ChessBase"]
[SourceQuality "1"]
[WhiteTeam "Canada"]
[BlackTeam "England"]
[WhiteTeamCountry "CAN"]
[BlackTeamCountry "ENG"]
[TimeControl "40/5400+30:1800+30"]

1. d4 Nf6 2. Nf3 b6 3. Bf4 Bb7 4. e3 g6 5. h3 Bg7 6. Nbd2 O-O 7. Bd3 d6 8. Qe2 Nd5 9. c3 Nxf4 10. exf4 Nd7 11. O-O e6 12. Rad1 a6 13. Be4 Qc8 14. Rfe1 Nf6 15. Bxb7 Qxb7 16. Nc4 b5 17. Ne3 Rab8 18. b3 Rfc8 19. Rd3 Nd5 20. Nxd5 Qxd5 21. Nd2 Qf5 22. Qf3 b4 23. c4 Qa5 24. d5 e5 25. f5 Qxa2 26. f6 Bf8 27. h4 e4 28. Nxe4 Re8 29. h5 Re5 30. hxg6 hxg6 31. g4 Rbe8 32. Rde3 Qb2 33. Kg2 a5 34. Rh1 Rxe4 35. Rxe4 Rxe4 36. Qxe4 Qxf6 37. Rh3 Qg5 38. Rf3 Be7 39. Qf4 Qxf4 40. Rxf4 Kf8 41. Re4 Bf6 42. Re2 Bd4 43. Kf3 Bb6 44. Kf4 f6 45. f3 Kf7 46. Ke4 Bc5 47. Rh2 Kg7 48. Ra2 Bb6 49. Kd3 f5 50. gxf5 gxf5 51. c5 Bxc5 52. Rxa5 Kf6 53. f4 Ke7 54. Rb5 Kd7 55. Rb8 Ke7 56. Rh8 Bb6 57. Rh7+ Kf6 58. Rh6+ Kg7 59. Rh3 Kg6 60. Kc4 Bf2 61. Kxb4 Be1+ 62. Kb5 Bd2 63. Rg3+ Kf6 64. Rf3 Kg6 65. Rg3+ Kf6 66. Rf3 Kg6 67. Kc6 Kh5 68. Kxc7 Kg4 69. Rd3 Bxf4 70. b4 Bh2 71. b5 f4 72. b6 1-0

[Event "World Senior chT-50 2019"]
[Site "Rhodes"]
[Date "2019.04.20"]
[Round "5.7"]
[White "Plaskett, H James"]
[Black "Barron, Michael"]
[Result "1/2-1/2"]
[ECO "A80"]
[WhiteElo "2437"]
[BlackElo "2124"]
[Annotator "NA"]
[PlyCount "41"]
[EventDate "2019.04.16"]
[EventType "team-tourn"]
[EventCountry "GRE"]
[SourceTitle "playchess.com"]
[Source "ChessBase"]
[SourceQuality "1"]
[WhiteTeam "England"]
[BlackTeam "Canada"]
[WhiteTeamCountry "ENG"]
[BlackTeamCountry "CAN"]
[TimeControl "40/5400+30:1800+30"]

1. d4 f5 2. Nc3 Nf6 3. Bg5 d5 4. Bxf6 exf6 5. e3 Be6 6. Bd3 Nc6 7. Qf3 Qd7 8. a3 O-O-O 9. O-O-O g6 10. Nge2 Kb8 11. Nf4 Bf7 12. h3 h5 13. h4 Ne7 14. g3 Nc8 15. Qg2 c6 16. f3 Bh6 17. Kb1 Nd6 18. Rhe1 Rhe8 19. Qf2 Re7 20. Bf1 Rde8 21. b3 1/2-1/2

[Event "World Senior chT-50 2019"]
[Site "Rhodes"]
[Date "2019.04.20"]
[Round "5.8"]
[White "Chernik, Dmitry"]
[Black "Ward, Chris G"]
[Result "0-1"]
[ECO "B23"]
[WhiteElo "1868"]
[BlackElo "2425"]
[Annotator "NA"]
[PlyCount "84"]
[EventDate "2019.04.16"]
[EventType "team-tourn"]
[EventCountry "GRE"]
[SourceTitle "playchess.com"]
[Source "ChessBase"]
[SourceQuality "1"]
[WhiteTeam "Canada"]
[BlackTeam "England"]
[WhiteTeamCountry "CAN"]
[BlackTeamCountry "ENG"]
[TimeControl "40/5400+30:1800+30"]

1. e4 c5 2. Nc3 g6 3. f4 Bg7 4. Nf3 a6 5. a4 Nc6 6. Bc4 e6 7. O-O Nge7 8. e5 d6 9. exd6 Nf5 10. Ne4 Nxd6 11. Nxd6+ Qxd6 12. d3 O-O 13. Qe1 b6 14. c3 Bb7 15. Qh4 Na5 16. f5 exf5 17. Bh6 Nxc4 18. dxc4 Bxh6 19. Qxh6 Qf6 20. Rad1 Rad8 21. Rxd8 Rxd8 22. Ng5 Qg7 23. Qh4 Re8 24. Rd1 h6 25. Nf3 Bxf3 26. gxf3 Qe5 27. Rd8 Qe3+ 28. Kg2 Qe2+ 29. Kg1 Kg7 30. b4 Qe3+ 31. Kg2 Rxd8 32. Qxd8 Qe2+ 33. Kg3 f4+ 34. Kxf4 Qxc4+ 35. Kg3 cxb4 36. cxb4 Qxb4 37. Qd7 b5 38. a5 Qxa5 39. Qd4+ Kh7 40. h4 Qe1+ 41. Kh3 a5 42. f4 b4 0-1

[Event "World Senior chT-50 2019"]
[Site "Rhodes"]
[Date "2019.04.20"]
[Round "5.9"]
[White "Vaganian, Rafael A"]
[Black "Boensch, Uwe"]
[Result "1-0"]
[ECO "D36"]
[WhiteElo "2535"]
[BlackElo "2525"]
[Annotator "ChessBase"]
[PlyCount "101"]
[EventDate "2019.04.16"]
[EventType "team-tourn"]
[EventCountry "GRE"]
[SourceTitle "playchess.com"]
[Source "ChessBase"]
[SourceQuality "1"]
[WhiteTeam "Armenia"]
[BlackTeam "Germany"]
[WhiteTeamCountry "ARM"]
[BlackTeamCountry "GER"]
[TimeControl "40/5400+30:1800+30"]

1. d4 Nf6 2. c4 e6 3. Nc3 d5 4. cxd5 exd5 5. Bg5 c6 6. Qc2 Be7 7. e3 Nbd7 8. Bd3 O-O 9. Nf3 Re8 10. O-O Nf8 11. Bxf6 Bxf6 12. b4 a6 13. a4 Be7 14. b5 a5 15. bxc6 bxc6 16. Ne2 Bd7 17. Bf5 Bd6 18. Bxd7 Qxd7 19. Nc1 Rec8 20. Nd3 Ne6 21. Rfd1 c5 22. dxc5 Nxc5 23. Nxc5 Rxc5 24. Qa2 Rac8 25. g3 Qf5 26. Nd4 Qe4 27. Qd2 Be5 28. Rab1 Bxd4 29. Qxd4 Qxd4 30. Rxd4 g6 31. Rb7 Kg7 32. Rd7 Rc4 33. R7xd5 Rxd4 34. Rxd4 Rc1+ 35. Kg2 Ra1 36. g4 h6 37. h4 Kf6 38. f4 Ke6 39. Re4+ Kd6 40. h5 gxh5 41. gxh5 f6 42. f5 Kd5 43. Re6 Rxa4 44. Kf3 Rh4 45. e4+ Kc5 46. Rxf6 Rxh5 47. Ra6 Rh3+ 48. Kf4 Kb5 49. Ra8 Rh1 50. f6 Rf1+ 51. Ke5 1-0

[Event "World Senior chT-50 2019"]
[Site "Rhodes"]
[Date "2019.04.20"]
[Round "5.10"]
[White "Tischbierek, Raj"]
[Black "Minasian, Artashes"]
[Result "0-1"]
[ECO "C12"]
[WhiteElo "2435"]
[BlackElo "2472"]
[Annotator "ChessBase"]
[PlyCount "62"]
[EventDate "2019.04.16"]
[EventType "team-tourn"]
[EventCountry "GRE"]
[SourceTitle "playchess.com"]
[Source "ChessBase"]
[SourceQuality "1"]
[WhiteTeam "Germany"]
[BlackTeam "Armenia"]
[WhiteTeamCountry "GER"]
[BlackTeamCountry "ARM"]
[TimeControl "40/5400+30:1800+30"]

1. e4 e6 2. d4 d5 3. Nc3 Nf6 4. Bg5 Bb4 5. exd5 Qxd5 6. Bxf6 gxf6 7. Nge2 Nc6 8. Qd2 Bxc3 9. Qxc3 Bd7 10. Qb3 Qa5+ 11. c3 O-O-O 12. O-O-O h5 13. g3 Qf5 14. f4 Qe4 15. Rg1 Qe3+ 16. Kb1 e5 17. d5 Ne7 18. c4 Bf5+ 19. Ka1 Qxb3 20. axb3 Rd6 21. Nc3 Ra6+ 22. Na4 Bc2 23. Rd3 Bxd3 24. Bxd3 b5 25. cxb5 Rd6 26. Rf1 Rf8 27. Nc3 Nxd5 28. Ne4 Rdd8 29. Nc5 Ne3 30. Rf3 Rxd3 31. Nxd3 Nc2+ 0-1

[Event "World Senior chT-50 2019"]
[Site "Rhodes"]
[Date "2019.04.20"]
[Round "5.11"]
[White "Movsziszian, Karen"]
[Black "Brendel, Oliver"]
[Result "1-0"]
[ECO "B21"]
[WhiteElo "2485"]
[BlackElo "2339"]
[Annotator "ChessBase"]
[PlyCount "75"]
[EventDate "2019.04.16"]
[EventType "team-tourn"]
[EventCountry "GRE"]
[SourceTitle "playchess.com"]
[Source "ChessBase"]
[SourceQuality "1"]
[WhiteTeam "Armenia"]
[BlackTeam "Germany"]
[WhiteTeamCountry "ARM"]
[BlackTeamCountry "GER"]
[TimeControl "40/5400+30:1800+30"]

1. d3 g6 2. e4 c5 3. f4 Bg7 4. Nf3 Nc6 5. Be2 d6 6. O-O Nf6 7. Kh1 O-O 8. Qe1 Bg4 9. Na3 Qd7 10. c3 Rab8 11. h3 Bxf3 12. Bxf3 b5 13. Be3 b4 14. Nc4 bxc3 15. bxc3 d5 16. Ne5 Nxe5 17. fxe5 dxe4 18. exf6 exf3 19. fxg7 fxg2+ 20. Kxg2 Rb2+ 21. Bf2 Rd8 22. Qe4 Qxd3 23. Qxe7 Kxg7 24. Qxc5 Rd5 25. Qe7 Rf5 26. Kg1 h6 27. Bd4+ Kh7 28. Qe3 Rg5+ 29. Kh1 Qc4 30. Qe4 Rg3 31. Rf3 Rgg2 32. Qe5 Rh2+ 33. Qxh2 Rxh2+ 34. Kxh2 f5 35. Re1 Qxa2+ 36. Kg1 Qa3 37. Re8 Qc1+ 38. Rf1 1-0

[Event "World Senior chT-50 2019"]
[Site "Rhodes"]
[Date "2019.04.20"]
[Round "5.12"]
[White "Maier, Christian"]
[Black "Kalantaryan, Norayr"]
[Result "0-1"]
[ECO "A54"]
[WhiteElo "2325"]
[BlackElo "2377"]
[Annotator "NA"]
[PlyCount "98"]
[EventDate "2019.04.16"]
[EventType "team-tourn"]
[EventCountry "GRE"]
[SourceTitle "playchess.com"]
[Source "ChessBase"]
[SourceQuality "1"]
[WhiteTeam "Germany"]
[BlackTeam "Armenia"]
[WhiteTeamCountry "GER"]
[BlackTeamCountry "ARM"]
[TimeControl "40/5400+30:1800+30"]

1. d4 Nc6 2. Nf3 d6 3. c4 e5 4. Nc3 Nf6 5. d5 Ne7 6. e4 Ng6 7. Be2 Be7 8. h3 O-O 9. Be3 Ne8 10. Bd3 Nh4 11. Nxh4 Bxh4 12. Qd2 c5 13. O-O-O a6 14. g3 Bf6 15. f4 $14 Nc7 16. f5 b5 17. h4 bxc4 18. Bxc4 Nb5 19. Kb1 Rb8 20. Ka1 Nxc3 21. Qxc3 Bxf5 22. Qc2 Bd7 23. Bxa6 Bb5 24. Bxb5 Rxb5 25. g4 Qa5 26. Bd2 Qa6 27. g5 Ra8 28. Qc4 Bd8 29. Rh3 Qb7 30. Rb1 Rb8 31. Qc2 Ba5 32. Ra3 Bxd2 33. Qxd2 Rb4 34. Qc2 Rd4 35. Ra4 Qb5 36. b3 g6 37. Rxd4 exd4 38. Rd1 Qe8 39. Qd3 Qe5 40. a4 Qh2 41. Rf1 Qxh4 42. Qf3 Rf8 43. e5 dxe5 44. Qf6 Qh3 45. Rf3 Qh1+ 46. Ka2 Qg2+ 47. Ka3 e4 48. Rf2 Qh3 49. Ka2 e3 0-1

[Event "World Senior chT-50 2019"]
[Site "Rhodes"]
[Date "2019.04.20"]
[Round "5.13"]
[White "Yrjola, Jouni"]
[Black "Hjartarson, Johann"]
[Result "1/2-1/2"]
[ECO "D76"]
[WhiteElo "2327"]
[BlackElo "2520"]
[Annotator "ChessBase"]
[PlyCount "45"]
[EventDate "2019.04.16"]
[EventType "team-tourn"]
[EventCountry "GRE"]
[SourceTitle "playchess.com"]
[Source "ChessBase"]
[SourceQuality "1"]
[WhiteTeam "Finland"]
[BlackTeam "Iceland"]
[WhiteTeamCountry "FIN"]
[BlackTeamCountry "ISL"]
[TimeControl "40/5400+30:1800+30"]

1. c4 g6 2. d4 Bg7 3. Nf3 Nf6 4. g3 d5 5. cxd5 Nxd5 6. Bg2 Nb6 7. Nc3 Nc6 8. e3 O-O 9. O-O Re8 10. a3 Be6 11. Nd2 a5 12. Nb3 Bc4 13. Nc5 Bxf1 14. Nxb7 Qc8 15. Qxf1 Qxb7 16. Qb5 Nxd4 17. exd4 Qc8 18. Bxa8 Qxa8 19. Bf4 Rc8 20. Be5 e6 21. Rc1 h5 22. Bxg7 Kxg7 23. Qf5 1/2-1/2